 Dungeon Crawl Stone Soup version 0.29-a0-392-g297d3b089c (webtiles) character file.

Game seed: 7593663193068722945

11 sssmoke the Slasher (level 2, 27/27 HPs)
             Began as a Minotaur Berserker on May 8, 2022.
             Was a Follower of Trog.
             Quit the game on level 1 of the Dungeon.
             The game lasted 00:05:13 (479 turns).

sssmoke the Slasher (Minotaur Berserker)             Turns: 479, Time: 00:05:13

Health: 27/27      AC:  2    Str: 21    XL:     2   Next: 17%
Magic:  1/1        EV: 12    Int:  4    God:    Trog [*.....]
Gold:   44         SH:  0    Dex:  9    Spells: 1/1 levels left

rFire   . . .      SeeInvis .   a - +0 falchion
rCold   . . .      Faith    .   (no shield)
rNeg    . . .      Spirit   .   b - +0 animal skin
rPois   .          Reflect  .   (helmet restricted)
rElec   .          Harm     .   (no cloak)
rCorr   .          Rampage  .   (no gloves)
Will    .....                   (no boots)
Stlth   +.........              (no amulet)
HPRegen 0.09/turn               (no ring)
MPRegen 0.07/turn               (no ring)

@: no status effects
A: horns 2, retaliatory headbutt
a: Renounce Religion, Berserk


You were on level 1 of the Dungeon.
You worshipped Trog.
Trog was aware of your devotion.
You visited 1 branch of the dungeon, and saw 1 of its levels.

You collected 44 gold pieces.

Inventory:

Hand Weapons
 a - a +0 falchion (weapon)
Missiles
 f - 2 large rocks
Armour
 b - a +0 animal skin (worn)
 c - a +0 cloak
Scrolls
 d - a scroll of identify {unknown}
 e - a scroll of teleportation {unknown}


   Skills:
 + Level 4.0 Fighting
 + Level 4.0 Long Blades
 + Level 2.5 Armour
 + Level 2.3 Dodging


You had one spell level left.
You didn't know any spells.
Your spell library contained the following spells:

 Spells                   Type           Power      Damage    Failure   Level
 Beastly Appendage        Tmut           0%         N/A       50%         1
 Wereblood                Tmut           0%         N/A       65%         2
 Spider Form              Tmut/Pois      0%         N/A       86%         3


Dungeon Overview and Level Annotations

Branches:
Dungeon (1/15)

Altars:


Innate Abilities, Weirdness & Mutations

You have a pair of horns on your head.
You reflexively headbutt those who attack you in melee.


Message History

f - 2 large rocks Unknown command.
It was a potion of berserk rage.
A red film seems to cover your vision as you go berserk!
You feel yourself moving faster!
You feel mighty!
You feel a strong urge to attack something.
You feel your anger nearly subside.
You are no longer berserk.
You are exhausted.
You feel yourself slow down.
Found 13 stones.
You now have 32 gold pieces (gained 15).
You open the door.
Found a book of Changes.
There is an open door here.
You feel yourself speed up.
You see here a book of Changes.
You open the door.
Found 12 gold pieces and 17 stones.
There is an open door here.
You now have 44 gold pieces (gained 12).
There is an open door here.
You recover from your berserk rage.
You see here a book of Changes.
You see here a book of Changes.
You pick up a book of Changes and begin reading...
You add the spells Beastly Appendage, Wereblood and Spider Form to your library.
Found a stone staircase leading down.
You see here 17 stones.
There is a stone staircase leading down here.
Found a scale mail.
Found a cloak.
You see here a +0 scale mail.
You see here a +0 cloak.
You see here a +0 cloak.
c - a +0 cloak
There are no items here.
There are no items here.
Unknown command.
Are you sure you want to abandon this character and quit the game? (Confirm with "yes".)

#..# #.# #..# #.# #
#..# #.#.#
#..########[#.#.# ##
#..#............#
....#..#.######.#.###
..........# #.#...
#......#..#
#.#######.#
########..#
#.@.......#
.........#
###########
#########.#
#.........#
..######### #.# #.#
###


There were no monsters in sight!

Vanquished Creatures
  A dart slug (D:1)
  2 ball pythons (D:1)
  2 goblins (D:1)
  A kobold (D:1)
  A quokka (D:1)
  A rat (D:1)
8 creatures vanquished.

Vanquished Creatures (others)
  12 fungi (D:1)
12 creatures vanquished.

Grand Total: 20 creatures vanquished

Notes
Turn   | Place    | Note
-------+----------+-------------------------------------------
     0 | D:1      | sssmoke the Minotaur Berserker began the quest for the Orb.
     0 | D:1      | Reached XP level 1. HP: 19/19 MP: 0/0
   358 | D:1      | Reached XP level 2. HP: 20/27 MP: 1/1
   479 | D:1      | Quit the game

Illustrated notes

Levels and vault maps discovered:
D:1:      minmay_arrival_plants_in_alcoves, layout_basic,
          chequers_ecumenical_altar_simple

Skill      XL: |  1 |
---------------+----+-----
Fighting       | 4 |  4.0
Long Blades    | 4 |  4.0
Armour         | |  2.5
Dodging        | |  2.3

Action                   || total
-------------------------++-------
Melee: Falchion          ||    58
       Headbutt          ||    19
       Punch             ||     2
  Use: Potion            ||     1
Armor: Animal skin       ||     2
Dodge: Dodged            ||     5

Table legend: (Time is in decaauts)
 A = Elapsed time spent in this place.
 B = Non-inter-level travel time spent in this place.
 C = Inter-level travel time spent in this place.
 D = Time resting spent in this place.
 E = Time spent auto-exploring this place.
 F = Levels seen in this place.
 G = Mean time per level.
                   A        B        C        D        E       F      G
               +--------+--------+--------+--------+--------+-----+--------+
         Total |    494 |    127 |    367 |      0 |      0 |   1 |  494.0 |
       Dungeon |    494 |    127 |    367 |      0 |      0 |   1 |  494.0 |
               +--------+--------+--------+--------+--------+-----+--------+

Top non-repeatable levels by time:
     D:1: 494 daAuts
